 Dungeon Crawl Stone Soup version 0.31-a0-83-gbff143cfd1 (webtiles) character file.

Game seed: 9438339368330908264

30 Maxmaps the Trooper (level 3, 0/33 HPs)
             Began as a Draconian Monk on May 25, 2023.
             Killed from afar by an orc wizard (11 damage)
             ... with a puff of flame
             ... on level 2 of the Dungeon.
             The game lasted 00:01:02 (939 turns).

Maxmaps the Trooper (Draconian Monk)                 Turns: 939, Time: 00:01:02

Health: 0/33       AC:  5    Str: 13    XL:     3   Next: 3%
Magic:  3/3        EV: 13    Int: 12    God:
Gold:   49         SH:  0    Dex: 13    Spells: 2/2 levels left

rFire   . .          .
                       - Unarmed
rCold   . . .        (no shield)
rNeg    . . .        (body armour unavailable)
rPois   .            (helmet restricted)
rElec   .            (no cloak)
rCorr   .            (no gloves)
SInv    .            (no boots)
Will    .....        (no amulet)
Stlth   +            (no ring)
HPRegen 0.25/turn    (no ring)
MPRegen 0.08/turn

%: no passive effects
@: confused
A: AC +5, unfitting armour, cold-blooded
a: no special abilities


You were on level 2 of the Dungeon.
You visited 1 branch of the dungeon, and saw 2 of its levels.

You collected 49 gold pieces.

Inventory:

Armour
 b - an orb of light
Scrolls
 c - 2 scrolls of identify {unknown}
 e - a scroll of summoning {unknown}
 g - a scroll of fear {unknown}
 h - a scroll of noise {unknown}
Potions
 a - a potion of ambrosia
 d - a potion of cancellation {unknown}
 f - a potion of curing {unknown}
 i - 4 potions of attraction {unknown}


   Skills:
 - Level 4.0 Fighting
 - Level 3.1 Dodging
 + Level 3.2 Unarmed Combat


You had 2 spell levels left.
You didn't know any spells.
Your spell library was empty.

Dungeon Overview and Level Annotations

Branches:
Dungeon (2/15)

Altars:


Innate Abilities, Weirdness & Mutations

Your plain brown scales are hard. (AC +5)
You cannot fit into any form of body armour.
You are cold-blooded and may be slowed by cold attacks.


Message History

The orc wizard is severely wounded.
The orc wizard gestures at you while chanting.
You are more confused.
You bump into the rock wall.
The orc wizard closely misses you.
You miss the orc wizard.
The orc wizard is severely wounded.
The orc wizard casts a spell at you. The magic dart hits you!
You hit the orc wizard.
The orc wizard is almost dead.
The orc wizard closely misses you.
An orc comes into view. It is wielding a +0 war axe.
You miss the orc wizard.
The orc wizard is almost dead.
The orc wizard barely misses you.
You bump into the rock wall.
The orc wizard hits you with a +0 dagger.
You bump into the rock wall.
The orc wizard mumbles some strange words.
The orc wizard flickers and vanishes!
Deactivating autopickup; reactivate with Ctrl-A.
You miss something.
You hear some strange, mumbled words.
A puff of flame appears from out of thin air!
The puff of flame misses you.
You miss something.
You hear some strange, mumbled words.
Something tries to affect you, but you resist.
You miss something.
You hear some strange, mumbled words.
A magic dart appears from out of thin air!
The magic dart hits you.
A magic dart appears from out of thin air!
The magic dart hits you!
You bump into the rock wall.
You bump into the rock wall.
You hear some strange, mumbled words.
A puff of flame appears from out of thin air!
The puff of flame hits you!
You die...

... #..# #/.
#).# #.# #..#
#o# #..# #)#
#..# #h# #..#
#h# #.†# ###{#
#..# #.@.# #..#
##.###
#..#####...#####
#...............
##.#####...#####
#.# #.....#
#.####.....#
#.........<#
######....>#


You could see an orc and 2 jackals.

Vanquished Creatures
  An orc (D:2)
  2 endoplasms (D:1)
  6 giant cockroaches (D:1)
  A goblin (D:1)
  2 hobgoblins
  3 kobolds (D:1)
  A quokka (D:1)
  4 ball pythons
  3 bats
  2 rats (D:1)
25 creatures vanquished.

Notes
Turn   | Place    | Note
-------+----------+-------------------------------------------
     0 | D:1      | Maxmaps the Draconian Monk began the quest for the Orb.
     0 | D:1      | Reached XP level 1. HP: 19/19 MP: 1/1
   226 | D:1      | Reached skill level 4 in Fighting
   226 | D:1      | Reached XP level 2. HP: 27/27 MP: 2/2
   920 | D:2      | Reached XP level 3. HP: 25/33 MP: 3/3
   939 | D:2      | Killed from afar by an orc wizard

Illustrated notes

Levels and vault maps discovered:
D:1:      lightli_arrival_farm, layout_loops_ring
D:2:      layout_loops_ring

Skill      XL: |  1  2 |
---------------+-------+-----
Fighting       | 4 |  4.0
Dodging        | 3 |  3.1
Unarmed Combat | |  3.2

Action                     || total
---------------------------++-------
  Melee: Unarmed           ||   116
         Tailslap          ||    21
         Punch             ||     1
   Stab: Sleeping          ||     1
 Armour: Skin              ||    39
  Dodge: Dodged            ||    64

Table legend: (Time is in decaauts)
 A = Elapsed time spent in this place.
 B = Non-inter-level travel time spent in this place.
 C = Inter-level travel time spent in this place.
 D = Time resting spent in this place.
 E = Time spent auto-exploring this place.
 F = Levels seen in this place.
 G = Mean time per level.
                   A        B        C        D        E       F      G
               +--------+--------+--------+--------+--------+-----+--------+
         Total |    950 |    894 |     56 |      0 |    689 |   2 |  475.0 |
       Dungeon |    950 |    894 |     56 |      0 |    689 |   2 |  475.0 |
               +--------+--------+--------+--------+--------+-----+--------+

Top non-repeatable levels by time:
     D:1: 865 daAuts
     D:2: 85 daAuts
